 Dungeon Sprint DCSS version 0.29-a0-824-gd827844252 (webtiles) character file.

Game seed: 338416297013905711

619 mhtbhm the Basher (level 7, -4/64 HPs)
             Began as a Formicid Monk on July 10, 2022.
             Was an Initiate of Gozag.
             Slain by an anaconda (glowing shapeshifter) (7 damage)
             ... in the Dungeon (Sprint I: "Red Sonja").
             The game lasted 00:02:29 (690 turns).

mhtbhm the Basher (Formicid Monk)                    Turns: 690, Time: 00:02:30

Health: -4/64      AC:  9    Str: 18    XL:     7   Next: 74%
Magic:  16/16      EV: 11    Int:  9    God:    Gozag
Gold:   376        SH:  0    Dex: 16    Spells: 6/6 levels left

rFire   . . .      SeeInvis +   a - +0 mace
rCold   + . .      Faith    .   (no shield)
rNeg    . . .      Spirit   .   b - +1 ring mail {rC+}
rPois   .          Reflect  .   (helmet unavailable)
rElec   .          Harm     .   h - +2 cloak
rCorr   .          Rampage  .   (no gloves)
Will    .....                   (no boots)
Stlth   +++.......              (no amulet)
HPRegen 0.20/turn               j - ring of magical power
MPRegen 0.15/turn               (no ring)

@: constricted
A: permanent stasis, dig shafts and tunnels, antennae 3, four strong arms
a: Dig, Renounce Religion, Potion Petition, Call Merchant, Bribe Branch


You were in the Dungeon.
You worshipped Gozag.
Gozag was aware of your devotion.
You visited 1 branch You collected 671 gold pieces.
You spent 295 gold pieces at shops.

Inventory:

Hand Weapons
 a - a +0 mace (weapon)
Armour
 b - a +1 ring mail of cold resistance (worn)
 h - a +2 cloak (worn)
Jewellery
 j - a ring of magical power (left hand)
Wands
 c - a wand of polymorph (3)
Potions
 d - a potion of cancellation
 e - a potion of heal wounds
 f - 2 potions of magic
 i - 2 potions of curing


   Skills:
 + Level 9.3 Fighting
 + Level 10.4 Maces & Flails
 + Level 2.9 Armour
 + Level 6.5 Dodging
 + Level 8.0 Stealth
 + Level 0.2 Evocations


You had 6 spell levels left.
You didn't know any spells.
Your spell library was empty.

Dungeon Overview and Level Annotations

Branches:
Dungeon (1/1)

Altars:
Cheibriados
Dithmenos
Elyvilon
Fedhas
Gozag
Hepliaklqana
Kikubaaqudgha
Nemelex Xobeh
Okawaru
Qazlal
Ru
Sif Muna
Trog
Uskayaw
Vehumet
Wu Jian
Yredelemnul
Zin
The Shining One

Shops:
D **


Innate Abilities, Weirdness & Mutations

You cannot be hasted, slowed, berserked, paralysed or teleported.
You can dig through walls and to a lower floor.
You have a pair of large antennae on your head. (SInv)
Your four strong arms can wield two-handed weapons with a shield.


Message History

The glowing orange brain pulsates ominously.
You thump the glowing orange brain!
The glowing orange brain is heavily wounded.
Unknown command.
You sock the glowing orange brain!
The glowing orange brain is severely wounded.
You hit the glowing orange brain but do no damage.
The glowing orange brain is severely wounded.
You hit the glowing orange brain but do no damage.
The glowing orange brain is severely wounded.
The glowing orange brain pulsates.
You sock the glowing orange brain!
The glowing orange brain is almost dead.
The ball python bites you.
* * * LOW HITPOINT WARNING * * *
The ball python barely misses you. The ball python closely misses you. x2
Unknown command.
You hit the glowing orange brain.
The glowing orange brain is almost dead.
The glowing orange brain changes into an anaconda!
The ball python closely misses you. x2
The ball python bites you but does no damage.
The ball python closely misses you.
You hit the anaconda but do no damage.
The anaconda is heavily wounded.
The rat bites you but does no damage. The anaconda barely misses you.
The anaconda bites you!
* * * LOW HITPOINT WARNING * * *
The ball python closely misses you. The ball python grabs you.
The ball python constricts you. The ball python bites you.
* * * LOW HITPOINT WARNING * * *
You hit the anaconda but do no damage.
The anaconda is heavily wounded.
The anaconda barely misses you. The rat bites you but does no damage.
The ball python barely misses you. The ball python constricts you.
* * * LOW HITPOINT WARNING * * *
The ball python bites you but does no damage.
The anaconda bites you!
You die...
Your body crumbles into a pile of gold.

#..#####'#####'#
#..####..#...#)#
#..#__####..##[# { $$
#..#_____##'#_.+
#⌠⌠#_.∩...÷..._# { $$
####_..__##_.#'#
$$#_____###'#.# $
############r####+###
$
#∩........S@S.'$$($$+$
###++++####.S.#######
$ { ###.### {
{#.#'#.#{{ $ { #.....#
{ {#..(..#{{{{ {
#######{{{ $ {


{{{{ { {{{ You could see an anaconda shaped shifter, 2 ball pythons and a rat
(summoned).

Vanquished Creatures
  A hornet (D)
  Sigmund (D)
  A yak (D)
  An ogre (D)
  A jelly (D)
  Ijyb (D)
  A ballistomycete spore (D)
7 creatures vanquished.

Vanquished Creatures (others)
  A ballistomycete spore (D)
1 creature vanquished.

Grand Total: 8 creatures vanquished

Notes
Turn   | Place    | Note
-------+----------+-------------------------------------------
     0 | D        | mhtbhm the Formicid Monk began the quest for the Orb.
     0 | D        | Reached XP level 1. HP: 18/18 MP: 1/1
     1 | D        | Noticed Ijyb
    10 | D        | Killed Ijyb
    11 | D        | Reached skill level 4 in Maces & Flails
    11 | D        | Reached XP level 2. HP: 21/26 MP: 2/2
    11 | D        | Reached XP level 3. HP: 26/32 MP: 3/3
    71 | D        | Noticed an ogre
    77 | D        | Killed an ogre
    78 | D        | Reached skill level 6 in Maces & Flails
    78 | D        | Reached XP level 4. HP: 40/40 MP: 4/4
    78 | D        | Reached XP level 5. HP: 46/46 MP: 5/5
    92 | D        | Noticed Sigmund
   112 | D        | Killed Sigmund
   113 | D        | Reached skill level 8 in Maces & Flails
   113 | D        | Reached skill level 5 in Dodging
   113 | D        | Reached XP level 6. HP: 52/56 MP: 6/6
   131 | D        | Found an ornate altar of the Wu Jian Council.
   131 | D        | Found a shimmering blue altar of Sif Muna.
   133 | D        | Found a radiant altar of Vehumet.
   138 | D        | Reached skill level 1 in Armour
   226 | D        | Found Egeiss's General Store.
   226 | D        | Found an ancient bone altar of Kikubaaqudgha.
   226 | D        | Found a hazy altar of Hepliaklqana.
   226 | D        | Found a stormy altar of Qazlal.
   226 | D        | Found a hide-covered altar of Uskayaw.
   226 | D        | Found a blossoming altar of Fedhas.
   226 | D        | Found a bloodstained altar of Trog.
   226 | D        | Found an iron altar of Okawaru.
   226 | D        | Found a basalt altar of Yredelemnul.
   226 | D        | Found a glowing golden altar of the Shining One.
   226 | D        | Found a snail-covered altar of Cheibriados.
   226 | D        | Found a sacrificial altar of Ru.
   226 | D        | Found a glowing silver altar of Zin.
   226 | D        | Found a shadowy altar of Dithmenos.
   226 | D        | Found a white marble altar of Elyvilon.
   226 | D        | Noticed a yak
   241 | D        | Killed a yak
   242 | D        | Reached skill level 9 in Maces & Flails
   242 | D        | Reached XP level 7. HP: 30/63 MP: 7/7
   242 | D        | Found an opulent altar of Gozag.
   243 | D        | Found a sparkling altar of Nemelex Xobeh.
   252 | D        | Became a worshipper of Gozag Ym Sagoz the Greedy
   264 | D        | Bought a scroll of identify for 20 gold pieces
   409 | D        | Noticed Sonja
   410 | D        | Noticed Sonja
   410 | D        | Sonja changed into Sonja the hornet
   429 | D        | Killed Sonja the hornet
   430 | D        | Reached skill level 10 in Maces & Flails
   448 | D        | Found Roawkij Faec's Assorted Antiques.
   456 | D        | Bought a runed cloak for 165 gold pieces
   601 | D        | Bought a steel ring for 110 gold pieces
   662 | D        | Noticed a deep troll
   668 | D        | Noticed a glowing shapeshifter
   668 | D        | a deep troll changed into a glowing shapeshifter
   669 | D        | Noticed an anaconda
   669 | D        | a glowing shapeshifter changed into an anaconda
   671 | D        | Noticed an alligator
   671 | D        | an anaconda changed into an alligator
   677 | D        | Noticed a spark wasp
   677 | D        | an alligator changed into a spark wasp
   680 | D        | Noticed a glowing orange brain
   680 | D        | a spark wasp changed into a glowing orange brain
   688 | D        | Noticed an anaconda
   688 | D        | a glowing orange brain changed into an anaconda
   690 | D        | HP: 3/64 [constriction[a glowing orange brain] (1)]
   690 | D        | Slain by an anaconda (glowing shapeshifter)

Illustrated notes

Levels and vault maps discovered:
D:        dungeon_sprint_1 [red_sonja_temple_1, red_sonja_temple_small_1]

Skill      XL: |  1  2  3  4  5  6  7 |
---------------+----------------------+-----
Fighting       | 4 6 7 8 9 |  9.3
Maces & Flails | 4 6 8 9 10 | 10.4
Dodging        | 3 4 5 6 |  6.5
Stealth        | 4 6 7 8 |  8.0
Armour         | 1 2 |  2.9
Evocations     | |  0.2

Action                   |  1- 3 |  4- 6 |  7- 9 || total
-------------------------+-------+-------+-------++-------
Melee: Mace              |    10 |    28 |    39 ||    77
       Punch             |       |     1 |     1 ||     2
Throw: Dart              |       |       |     2 ||     2
Evoke: Wand              |     1 |       |     3 ||     4
  Use: Potion            |       |     2 |     2 ||     4
       Scroll            |       |       |     1 ||     1
 Stab: Sleeping          |     1 |       |     1 ||     2
       Paralysed         |     4 |       |       ||     4
Armor: Ring mail         |       |     2 |    10 ||    12
Dodge: Dodged            |     4 |    14 |    30 ||    48

Table legend: (Time is in decaauts)
 A = Elapsed time spent in this place.
 B = Non-inter-level travel time spent in this place.
 C = Inter-level travel time spent in this place.
 D = Time resting spent in this place.
 E = Time spent auto-exploring this place.
 F = Levels seen in this place.
 G = Mean time per level.
                   A        B        C        D        E       F      G
               +--------+--------+--------+--------+--------+-----+--------+
         Total |    688 |    688 |      0 |    367 |      0 |   1 |  688.0 |
       Dungeon |    688 |    688 |      0 |    367 |      0 |   1 |  688.0 |
               +--------+--------+--------+--------+--------+-----+--------+

Top non-repeatable levels by time:
       D: 688 daAuts
